 Dungeon Crawl Stone Soup version 0.27-a0-29-g2d0a2396b0 (webtiles) character file.

Game seed: 4253189989897801593

5609 KristoblXynda the Carver (level 10, -6/82 (90) HPs)
             Began as a Green Draconian Gladiator on Jan 3, 2021.
             Was a Follower of Ashenzari.
             Shot with an arrow by a tengu warrior (30 damage)
             ... on level 9 of the Dungeon.
             The game lasted 00:14:06 (10551 turns).

KristoblXynda the Carver (DrGl)                    Turns: 10551, Time: 00:14:07

HP:   -6/82 (90)    AC:  9    Str: 17    XL:     10   Next: 45%
MP:   10/10         EV: 18    Int: 12    God:    Ashenzari [*.....]
Gold: 590           SH:  5    Dex: 18    Spells: 9/9 levels left

rFire    + . .     SeeInvis .   a - +1 long sword
rCold    + . .     Faith    .   y - +0 buckler
rNeg     . . .     Spirit   .   (armour unavailable)
rPois    +         Reflect  .   b - +1 hat
rElec    .         Harm     .   g - scarf {rC+ rF+} (curse)
rCorr    .         Rampage  .   (no gloves)
Will     .....                  e - +0 pair of boots
Stlth    ++........             (no amulet)
HPRegen  0.23/turn              t - +6 ring of dexterity (curse)
MPRegen  0.12/turn              l - ring of wizardry (curse)

@: short of breath, drained
A: breathe noxious fumes, unfitting armour, poison resistance, cold-blooded, AC
+7
a: Breathe Noxious Fumes, Renounce Religion, Curse Item, Scrying


You were on level 9 of the Dungeon.
You worshipped Ashenzari.
Ashenzari was aware of your devotion.
You visited 2 branches of the dungeon, and saw 10 of its levels.

You collected 590 gold pieces.

Inventory:

Hand Weapons
 a - a +1 long sword (weapon)
Missiles
 c - 2 throwing nets (quivered)
Armour
 b - a +1 hat (worn)
 e - a +0 pair of boots (worn)
 g - a cursed scarf of resistance (worn)
 y - a +0 buckler (worn)
Jewellery
 l - a cursed ring of wizardry (right hand)
 q - an uncursed ring of fire
 t - a cursed +6 ring of dexterity (left hand)
Scrolls
 f - 3 scrolls of magic mapping
 m - 2 scrolls of amnesia
 n - 2 scrolls of enchant weapon
 s - a scroll of fog
 v - 3 scrolls of remove curse
 w - a scroll of immolation
 x - 2 scrolls of teleportation
Potions
 d - 5 potions of haste
 h - a potion of invisibility
 i - 3 potions of flight
 k - 2 potions of magic
 o - a potion of resistance
 p - a potion of cancellation
 r - a potion of brilliance
 u - a potion of mutation


   Skills:
 + Level 8.9 Fighting
 + Level 10.5 Long Blades
 - Level 2.0 Throwing
 + Level 7.7 Dodging
 + Level 4.3 Shields


You had 9 spell levels left.
You didn't know any spells.
Your spell library was empty.

Dungeon Overview and Level Annotations

Branches:
Dungeon (9/15)             Temple (1/1) D:4
   Lair: D:8-11         Orc: D:9-12

Altars:
Ashenzari
Dithmenos
Elyvilon
Fedhas
Gozag
Hepliaklqana
Kikubaaqudgha
Makhleb
Nemelex Xobeh
Okawaru
Qazlal
Ru
Sif Muna
Trog
Uskayaw
Vehumet
Wu Jian
Xom
Yredelemnul
Zin
The Shining One

Shops:
D:5 ?   D:6 *

Annotations:
D:7 2 transporters


Innate Abilities, Weirdness & Mutations

You can breathe blasts of noxious fumes.
Your lurid green scales are hard. (AC +7)
You cannot fit into any form of body armour.
Your system is resistant to poisons. (rPois)
You are cold-blooded and may be slowed by cold attacks.


Message History

The tengu warrior hits you with a +1 great sword of draining!
* * * LOW HITPOINT WARNING * * *
You feel drained.
* * * LOW HITPOINT WARNING * * *
The tengu warrior barely misses you. x2
You completely miss the tengu warrior.
The tengu warrior is moderately wounded.
The centaur barely misses the tengu warrior.
The tengu warrior misses you.
The tengu warrior pecks you but does no damage.
The tengu warrior claws you but does no damage.
You barely miss the tengu warrior.
The tengu warrior is moderately wounded.
The centaur barely misses the tengu warrior.
The centaur hits the tengu warrior but does no damage.
The tengu warrior unwields a +1 great sword of draining.
The tengu warrior wields a +0 longbow.
The tengu warrior shoots an arrow.
The arrow barely misses you.
The tengu warrior shoots an arrow.
The arrow hits you!!
You die...

### #.# #(# #.#
#.# #.# #@#
#..##.# ##..
#..##[# ..>..
#..##Q# .....
#..##c#
.........(##..##.#
..... ........##†#
.... ...........#
.... ... ##......#
......#


You could see a tengu warrior and a centaur (confused, corroded).

Vanquished Creatures
  A two-headed ogre (D:8)
  Pikel (D:7)
  A tengu conjurer (D:9)
  A troll (D:9)
  A slime creature (D:8)
  Sigmund (D:3)
  A human (D:8)
  5 yaks (D:9)
  A water moccasin (D:8)
  2 sky beasts (D:5)
  A black bear (D:8)
  2 phantoms
  4 ogres
  2 lemures (D:7)
  3 centaurs
  A bullfrog (D:7)
  3 killer bees (D:4)
  8 wights (D:8)
  A centaur zombie (D:7)
  2 centaur skeletons
  2 hounds
  4 orc priests
  8 jellies
  A bullfrog zombie (D:5)
  9 orc wizards
  A human skeleton (D:8)
  3 iguanas
  7 worker ants
  A killer bee zombie (D:8)
  8 adders
  7 gnolls
  A howler monkey skeleton (D:5)
  A shadow imp (D:7)
  A white imp (D:6)
  An ufetubus (D:5)
  12 oozes
  An adder skeleton (D:5)
  An adder zombie (D:6)
  4 worms
  A dart slug (D:2)
  7 leopard geckos
  19 orcs
  5 giant cockroaches
  6 hobgoblins
  11 jackals
  3 quokkas
  6 bats
  8 frilled lizards
  A giant cockroach zombie (D:5)
  7 goblins
  2 jackal skeletons
  5 kobolds
  A kobold skeleton (D:8)
  A leopard gecko skeleton (D:5)
  7 rats
205 creatures vanquished.

Vanquished Creatures (others)
  8 fungi (D:8)
8 creatures vanquished.

Grand Total: 213 creatures vanquished

Notes
Turn   | Place    | Note
-------+----------+-------------------------------------------
     0 | D:1      | KristoblXynda the Draconian Gladiator began the quest for
                  | the Orb.
     0 | D:1      | Reached XP level 1. HP: 17/17 MP: 1/1
   209 | D:1      | Reached XP level 2. HP: 25/25 MP: 2/2
   587 | D:1      | Reached XP level 3. HP: 29/30 MP: 3/3
  1277 | D:2      | Upgraded the game from 0.27-a0-13-g87abb2d9eb to
                  | 0.27-a0-29-g2d0a2396b0
  1283 | D:2      | Reached skill level 4 in Long Blades
  1283 | D:2      | Reached XP level 4. HP: 38/38 MP: 4/4
  1375 | D:2      | Found a shadowy altar of Dithmenos.
  2234 | D:3      | Noticed Sigmund
  2259 | D:3      | Killed Sigmund
  2260 | D:3      | Reached skill level 5 in Long Blades
  2260 | D:3      | Reached XP level 5. HP: 46/46 MP: 5/5
  2260 | D:3      | Reached XP level 6. HP: 52/52 MP: 6/6
  3036 | D:3      | Found a hazy altar of Hepliaklqana.
  3721 | D:4      | Your scales start taking on a lurid green colour.
  3721 | D:4      | Reached XP level 7. HP: 58/60 MP: 7/7
  3721 | D:4      | Gained mutation: Your system is resistant to poisons.
                  | (rPois) [Green Draconian growth]
  3760 | D:4      | Reached skill level 6 in Long Blades
  3843 | D:4      | Found a sparkling altar of Nemelex Xobeh.
  4118 | D:4      | Found a staircase to the Ecumenical Temple.
  4163 | Temple   | Entered the Ecumenical Temple
  4179 | Temple   | Became a worshipper of Ashenzari the Shackled
  4554 | D:4      | Reached skill level 5 in Fighting
  4751 | D:5      | Entered Level 5 of the Dungeon
  5002 | D:5      | Reached skill level 7 in Long Blades
  5148 | D:5      | Reached skill level 5 in Dodging
  5148 | D:5      | Reached XP level 8. HP: 51/69 MP: 8/8
  5704 | D:5      | Found Luniun's Magic Scroll Shop.
  5863 | D:6      | Reached skill level 8 in Long Blades
  6544 | D:6      | Found Ohutiun's General Store.
  6893 | D:6      | Found an ornate altar of the Wu Jian Council.
  7095 | D:7      | Reached XP level 9. HP: 21/78 MP: 9/9
  7382 | D:7      | Reached skill level 9 in Long Blades
  7495 | D:7      | Reached * piety under Ashenzari
  7510 | D:7      | Noticed Pikel
  7539 | D:7      | Killed Pikel
  7949 | D:7      | Found a transporter.
  7953 | D:7      | Found an iron altar of Okawaru.
  7953 | D:7      | Noticed a cyclops
  8000 | D:7      | Found a transporter.
  8230 | D:8      | Reached skill level 1 in Shields
  8942 | D:8      | Found a runed translucent door.
  8969 | D:8      | Found a basalt altar of Yredelemnul.
  8983 | D:8      | Reached skill level 10 in Long Blades
  9352 | D:8      | Reached XP level 10. HP: 64/88 MP: 10/10
  9572 | D:8      | Found a white marble altar of Elyvilon.
  9653 | D:8      | Found a glowing golden altar of the Shining One.
  9923 | D:8      | Noticed a two-headed ogre
  9935 | D:8      | Killed a two-headed ogre
 10512 | D:9      | Noticed a tengu warrior
 10551 | D:9      | Shot with an arrow by a tengu warrior

Illustrated notes

Levels and vault maps discovered:
D:1:      saegor_arrival_simple_b, layout_loops_ring, minmay_octomino_j4
D:2:      layout_rooms, grunt_dithmenos_smoke_and_mirrors
D:3:      layout_basic, nzn_hepliaklqana_mist_gate, uniq_sigmund
D:4:      layout_basic, nicolae_overflow_crystal_walls,
          minmay_temple_entry_drinking_statues
D:5:      layout_basic, serial_shops, shop, grunt_ministairs_2,
          serial_bayou_crossing
D:6:      layout_basic, nzn_wu_jian_council_hall, serial_shops, shop
D:7:      layout_basic, gammafunk_temple_overflow_arena, uniq_pikel
D:8:      lemuel_slime, layout_layer_cave, minitemple, serial_glass,
          glass_columns_c, glass_columns_b, dk_yredelemnul_ordeal
D:9:      layout_long_grid, slow_altar_1, serial_shops, kennysheep_little_box,
          nicolae_gozag_seed_capital
Temple:   regret_index_temple_waves

Skill      XL: |  1  2  3  4  5  6  7  8  9 10 |
---------------+-------------------------------+-----
Throwing       | 2 |  2.0
Dodging        | 3 4 5 6 7 |  7.7
Fighting       | 3 4 5 6 8 |  8.9
Long Blades    | 4 5 7 8 10 | 10.5
Shields        | 2 4 |  4.3

Action                   |  1- 3 |  4- 6 |  7- 9 | 10-12 || total
-------------------------+-------+-------+-------+-------++-------
Melee: Long sword        |    86 |   149 |   473 |    68 ||   776
       Tailslap          |    10 |    16 |   112 |    11 ||   149
Throw: Throwing net      |       |     1 |       |       ||     1
Invok: Curse Item        |       |       |     3 |       ||     3
 Abil: Breathe Noxious F |       |       |     8 |     3 ||    11
Evoke: Wand              |       |       |     3 |     1 ||     4
  Use: Scroll            |     4 |     8 |    11 |       ||    23
       Potion            |     2 |     5 |     1 |       ||     8
 Stab: Sleeping          |     1 |       |     2 |       ||     3
       Confused          |       |       |     8 |     5 ||    13
Armor: Skin              |    20 |   102 |   116 |    17 ||   255
Dodge: Dodged            |    75 |   109 |   339 |    56 ||   579
Block: Buckler           |       |       |    27 |     8 ||    35
       Rpst.: Long sword |    20 |    33 |    98 |     7 ||   158

Table legend: (Time is in decaauts)
 A = Elapsed time spent in this place.
 B = Non-inter-level travel time spent in this place.
 C = Inter-level travel time spent in this place.
 D = Time resting spent in this place.
 E = Time spent auto-exploring this place.
 F = Levels seen in this place.
 G = Mean time per level.
                   A        B        C        D        E       F      G
               +--------+--------+--------+--------+--------+-----+--------+
         Total |  10584 |  10358 |    226 |   2438 |   6067 |  10 | 1058.4 |
       Dungeon |  10453 |  10246 |    207 |   2438 |   5960 |   9 | 1161.4 |
        Temple |    130 |    111 |     19 |      0 |    107 |   1 |  130.0 |
               +--------+--------+--------+--------+--------+-----+--------+

Top non-repeatable levels by time:
     D:8: 1651 daAuts
     D:4: 1479 daAuts
     D:6: 1355 daAuts
     D:3: 1348 daAuts
     D:7: 1231 daAuts
     D:1: 1085 daAuts
     D:5: 1032 daAuts
     D:2: 758 daAuts
     D:9: 512 daAuts
  Temple: 130 daAuts
